 Dungeon Crawl Stone Soup version 0.24.0-5-g267a8d59f4 (webtiles) character file.

Game seed: 1480827259680111395, levelgen mode: deterministic

94 Arum the Skirmisher (level 4, -3/37 HPs)
             Began as a Demonspawn Monk on Nov 1, 2019.
             Slain by an orc priest
             ... wielding a +0 falchion
              (5 damage)
             ... on level 3 of the Dungeon.
             The game lasted 00:02:38 (2288 turns).

Arum the Skirmisher (Demonspawn Monk)               Turns: 2288, Time: 00:02:39

Health: -3/37      AC:  3    Str: 11    XL:     4   Next: 38%
Magic:  4/4        EV: 14    Int: 11    God:
Gold:   103        SH:  0    Dex: 17    Spells: 3/3 levels left

rFire    . . .     SeeInvis .     - Unarmed
rCold    + . .     Gourm    .   (no shield)
rNeg     . . .     Faith    .   a - +0 robe
rPois    .         Spirit   .   p - +1 hat
rElec    .         Reflect  .   (no cloak)
rCorr    .         Harm     .   (no gloves)
MR       .....                  (no boots)
Stlth    ++........             (no amulet)
HPRegen  0.12/turn              j - ring of protection from cold
MPRegen  0.09/turn              (no ring)

@: no status effects
A: spiny 1
a: no special abilities


You were on level 3 of the Dungeon.
You were not hungry.

You visited 1 branch of the dungeon, and saw 3 of its levels.

You collected 103 gold pieces.

Inventory:

Hand Weapons
 m - a +2 whip of electrocution
Armour
 a - a +0 robe (worn)
 p - a +1 hat (worn)
Jewellery
 d - an uncursed ring of fire
 j - a ring of protection from cold (left hand)
Scrolls
 f - 2 scrolls of enchant armour {unknown}
 g - a scroll of magic mapping {unknown}
 h - a scroll of amnesia {unknown}
 i - a scroll of remove curse {unknown}
 n - 2 scrolls of teleportation {unknown}
 o - a scroll of fear {unknown}
Potions
 c - 2 potions of lignification {unknown}
 e - a potion of heal wounds {unknown}
 k - a potion of ambrosia {unknown}
 l - a potion of curing {unknown}
Comestibles
 b - 5 rations


   Skills:
 + Level 3.8 Fighting
 + Level 3.4 Dodging
 - Level 1.7 Stealth
 + Level 3.5 Unarmed Combat


You had 3 spell levels left.
You didn't know any spells.
Your spell library was empty.

Dungeon Overview and Level Annotations

Branches:
Dungeon (3/15)

Altars:
Uskayaw


Innate Abilities, Weirdness & Mutations

You are partially covered in sharp spines.


Message History

You kill the orc!
You barely miss the orc.
The orc is severely wounded.
The orc closely misses you. The orc priest barely misses you.
You hit the orc but do no damage.
The orc is severely wounded.
The orc misses you.
The orc priest hits you with a +0 falchion.
* * * LOW HITPOINT WARNING * * *
You hit the orc.
You kill the orc!
You hit the orc priest but do no damage.
The orc priest barely misses you.
You hit the orc priest but do no damage.
The orc priest hits you with a +0 falchion.
* * * LOW HITPOINT WARNING * * *
You hit the orc priest.
The orc priest is moderately wounded.
The orc priest hits you with a +0 falchion.
You die...

.. #.#. #.#.#
#.#.# #.... #...#
.# #...# .####.
#.)##......
#.)@..##
#.##.o....#
#.....(...#
#.###.$..## #
#......#
.#.#.##...###
<........†..# #
##.#.#.#..#.##.#.#
#.#.#...>.....#.#


You could see an orc priest.

Vanquished Creatures
  3 gnolls
  2 adders (D:2)
  A worm (D:2)
  2 dart slugs (D:2)
  A leopard gecko (D:2)
  2 orcs (D:3)
  3 ball pythons
  2 giant cockroaches
  4 goblins
  2 hobgoblins (D:1)
  7 bats
  A frilled lizard (D:2)
  4 kobolds
  7 rats
41 creatures vanquished.

Notes
Turn   | Place    | Note
-------+----------+-------------------------------------------
     0 | D:1      | Arum the Demonspawn Monk began the quest for the Orb.
     0 | D:1      | Reached XP level 1. HP: 18/18 MP: 1/1
   476 | D:1      | Gained mutation: You are partially covered in sharp spines.
                  | [demonic ancestry]
   476 | D:1      | Reached XP level 2. HP: 24/24 MP: 2/2
  1413 | D:1      | Reached XP level 3. HP: 18/29 MP: 3/3
  1802 | D:2      | Reached XP level 4. HP: 28/37 MP: 4/4
  2019 | D:2      | Noticed a +0 dagger
  2019 | D:2      | Noticed a -2 dagger
  2025 | D:2      | Found a hide-covered altar of Uskayaw.
  2234 | D:3      | Found a faded altar of an unknown god.
  2288 | D:3      | Slain by an orc priest

Levels and vault maps discovered:
D:1:      psy_arrival_dodecagon, layout_basic
D:2:      layout_basic, dancing_weapons_uskayaw, minmay_hexomino_p4
D:3:      layout_basic, marbit_many_paths,
          chequers_ecumenical_altar_simple_redux

Skill      XL: |  1  2 |
---------------+-------+-----
Unarmed Combat | 3 |  3.5
Dodging        | 3 |  3.4
Fighting       | |  3.8
Stealth        | |  1.7

Action                   |  1- 3 |  4- 6 || total
-------------------------+-------+-------++-------
Melee: Unarmed           |   103 |    28 ||   131
       Punch             |     1 |       ||     1
 Stab: Sleeping          |     6 |       ||     6
  Eat: Chunk             |     3 |     1 ||     4
Armor: Robe              |    12 |     4 ||    16
Dodge: Dodged            |    53 |    20 ||    73
